 Dungeon Crawl Stone Soup version 0.27-a0-1206-g6342a01c75 (webtiles) character file.

Game seed: 3238422438697735986

7918 Delamore the Impaler (level 11, -2/79 HPs)
             Began as a Formicid Fighter on June 5, 2021.
             Was an Elder of Okawaru.
             Killed from afar by a raiju (23 damage)
             ... with a living lightning
             ... on level 2 of the Abyss.
             The game lasted 00:15:42 (9903 turns).

Delamore the Impaler (Formicid Fighter)             Turns: 9903, Time: 00:15:43

Health: -2/79      AC:  9    Str: 24    XL:     11   Next: 46%
Magic:  9/11       EV: 10    Int:  4    God:    Okawaru [****..]
Gold:   886        SH: 14    Dex: 10    Spells: 10/10 levels left

rFire    . . .     SeeInvis +   t - +4 halberd
rCold    + . .     Faith    .   c - +1 kite shield
rNeg     + + .     Spirit   .   g - +0 chain mail
rPois    +         Reflect  .   (helmet unavailable)
rElec    .         Harm     .   e - +0 cloak
rCorr    .         Rampage  .   (no gloves)
Will     +....                  q - +0 pair of boots
Stlth    ..........             s - amulet of the Bouncing Yaks {Acrobat -Tele rPois rN++ Regen+}
HPRegen  1.23/turn              D - ring of wizardry
MPRegen  0.12/turn              E - ring of protection from cold

@: heroic
A: permanent stasis, dig shafts and tunnels, antennae 3, four strong arms,
[deformed body], [dopey 2]
a: Dig, Shaft Self, Renounce Religion, Heroism


You were on level 2 of the Abyss.
You worshipped Okawaru.
Okawaru was greatly pleased with you.
You visited 2 branches of the dungeon, and saw 11 of its levels.
You visited the Abyss 1 time.
You also visited: Sewer and Ossuary.

You collected 976 gold pieces.
You spent 48 gold pieces at shops.
You donated 42 gold pieces to Zin.

Inventory:

Hand Weapons
 t - a +4 halberd (weapon)
 w - a +2 trident of flaming
Missiles
 f - 13 poisoned darts
 v - 7 boomerangs (quivered)
 G - a throwing net
Armour
 b - a +0 scale mail
 c - a +1 kite shield (worn)
 e - a +0 cloak (worn)
 g - a +0 chain mail (worn)
 q - a +0 pair of boots (worn)
Jewellery
 s - the amulet of the Bouncing Yaks (around neck) {Acrobat -Tele rPois rN++ Regen+}
   (You found it on level 4 of the Dungeon)

   [amulet of the acrobat]

   It increases your evasion while moving and waiting.
   It protects you from poison.
   It greatly protects you from negative energy.
   It prevents most forms of teleportation.
   It increases your rate of health regeneration.
 y - an amulet of faith
 D - a ring of wizardry (left hand)
 E - a ring of protection from cold (right hand)
Wands
 k - a wand of iceblast (9)
 C - a wand of acid (1)
 H - a wand of mindburst (1)
Scrolls
 j - 2 scrolls of vulnerability
 r - a scroll of magic mapping
 x - a scroll of torment
 z - a scroll of enchant weapon
 F - a scroll of amnesia
 I - a scroll of identify
Potions
 a - 2 potions of flight
 d - 3 potions of might
 h - 2 potions of attraction
 i - 6 potions of heal wounds
 l - a potion of berserk rage {unknown}
 m - 4 potions of curing
 n - 2 potions of lignification {unknown}
 o - 3 potions of brilliance
 p - 2 potions of cancellation {unknown}
 u - 3 potions of ambrosia
 A - 2 potions of invisibility
 B - 2 potions of degeneration


   Skills:
 - Level 5.0(10.0) Fighting
 * Level 15.2(20.2) Polearms
 - Level 3.2(8.2) Armour
 - Level 7.0(12.0) Shields


You had 10 spell levels left.
You didn't know any spells.
Your spell library contained the following spells:

 Spells                   Type           Power      Damage    Failure   Level
 Foxfire                  Conj/Fire      0%         2x1d4     75%         1
 Magic Dart               Conj           0%         1d3       75%         1
 Corpse Rot               Necr/Air       N/A        N/A       86%         2
 Searing Ray              Conj           0%         3d3       86%         2
 Conjure Flame            Conj/Fire      0%         6-21      98%         3
 Dazzling Flash           Conj/Hex       0%         N/A       98%         3
 Inner Flame              Hex/Fire       0%         N/A       98%         3
 Stone Arrow              Conj/Erth      0%         3d7       98%         3
 Fulminant Prism          Conj/Hex       0%         3d6       100%        4
 Iskenderun's Mystic Bla  Conj/Tloc      0%         2d3       100%        4
 Sticky Flame             Conj/Fire      0%         2d3       100%        4
 Fireball                 Conj/Fire      0%         3d3       100%        5
 Hydra Form               Tmut           0%         N/A       100%        5
 Summon Forest            Summ/Tloc      0%         N/A       100%        5
 Eringya's Noxious Bog    Tmut/Pois      0%         N/A       100%        6
 Summon Hydra             Summ           0%         N/A       100%        7


Dungeon Overview and Level Annotations

Branches:
Dungeon (10/15)            Temple (1/1) D:6             Orc (0/2) D:10
  Sewer (visited)         Ossuary (visited)
   Lair: D:8-11

Altars:
Ashenzari
Cheibriados
Dithmenos
Elyvilon
Fedhas
Gozag
Hepliaklqana
Kikubaaqudgha
Makhleb
Nemelex Xobeh
Okawaru
Qazlal
Ru
Sif Muna
Trog
Uskayaw
Vehumet
Wu Jian
Xom
Yredelemnul
Zin
The Shining One

Shops:
D:8 *

Annotations:
D:3 3 runed translucent doors, Morbidden's ghost, weakling DsAE
D:6 Sigmund
D:10 Erolcha


Innate Abilities, Weirdness & Mutations

You cannot be hasted, slowed, berserked, paralysed or teleported.
You can dig through walls and to a lower floor.
You have a pair of large antennae on your head. (SInv)
Your four strong arms can wield two-handed weapons with a shield.
[Armour fits poorly on your strangely shaped body.]
[You are very dopey. (Int -4)]


Message History

The wretched star pulses with an eldritch light!
You feel stupid. x2; Your body twists and deforms.
The blink frog blinks!
You extend your mandibles.
You dig through the rock wall.
The blink frog completely misses you.
You can't dig through that.
The wretched star glows turbulently.
You block the lance of force.
You extend your mandibles.
You dig through the rock wall.
You retract your mandibles.
A raiju comes into view.
Found 20 gold pieces.
The raiju bursts into living lightning!
The living lightning misses you. x2; The raiju blinks!
The raiju closely misses you. The raiju barely misses you.
You see here 20 gold pieces.
The raiju bursts into living lightning!
The living lightning hits you! The living lightning hits you!!
The raiju blinks!
A smoke demon comes into view.
The smoke demon roars!
The raiju bursts into living lightning!
The living lightning hits you.
The raiju blinks!
The smoke demon gestures at you. Something smites you! The raiju bites you.
The raiju shocks you!
You gain the combat prowess of a mighty hero.
You block the raiju's attack. The smoke demon gestures at you.
Something smites you!
* * * LOW HITPOINT WARNING * * *
You puncture the raiju!
The raiju is lightly wounded.
You block the raiju's attack.
You slash the raiju!
The raiju is moderately wounded.
The raiju bursts into living lightning!
The living lightning hits you!!
You die...

## #. { ##. ##. ..# ..
# #..### #. ....#. ##
#h####..#. #.. #.
#.@...##. ... .#
........#..#..# ..# .
........#.....#..# #..
.......#..#.##...#....
###.#3#....###. ...#.#
#.#...... #... ...##
##.....#..##........#.
..#.##.## .# ##..#...
#.## # #. ..# ..


You could see a smoke demon and a raiju.

Vanquished Creatures
  2 two-headed ogres
  A cyclops (D:8)
  Joseph (D:7)
  A kobold demonologist (D:9)
  A komodo dragon (D:10)
  3 hornets
  Prince Ribbit (D:7)
  3 yaks (D:9)
  A wyvern (D:10)
  2 steam dragons
  Edmund (D:7)
  2 water moccasins
  4 orc warriors
  A hornet zombie (D:8)
  An ice beast (D:6)
  2 black bears
  A necrophage (D:5)
  A phantom (D:4)
  3 centaurs
  4 ogres
  A kobold brigand (D:6)
  3 bullfrogs
  Blork the orc (D:4)
  A wyvern zombie (D:7)
  A gnoll sergeant (D:9)
  2 scorpions (D:5)
  8 wights
  A killer bee (D:10)
  2 howler monkeys (D:10)
  A bullfrog zombie (D:5)
  2 centaur zombies
  3 jellies
  5 orc priests
  2 hounds
  A bullfrog skeleton (D:5)
  A centaur skeleton (D:6)
  3 iguanas
  5 orc wizards
  A killer bee zombie (D:5)
  3 hound zombies (Ossuary)
  4 mummies (Ossuary)
  Robin (D:4)
  A howler monkey skeleton (D:5)
  6 adders
  8 gnolls
  A white imp (D:8)
  An ufetubus (D:5)
  An adder zombie (Ossuary)
  2 worms (D:2)
  2 dart slugs
  18 orcs
  4 ball pythons
  9 bats
  6 endoplasms
  10 giant cockroaches
  4 hobgoblins
  11 jackals
  7 quokkas
  2 frilled lizards
  A gnoll zombie (Ossuary)
  6 goblins
  2 hobgoblin zombies (Ossuary)
  A jackal zombie (Ossuary)
  14 kobolds
  3 orc zombies (Ossuary)
  8 rats
  A rat zombie (Ossuary)
217 creatures vanquished.

Vanquished Creatures (others)
  8 fungi (D:5)
  A lurking horror (Abyss:2)
  15 plants
24 creatures vanquished.

Grand Total: 241 creatures vanquished

Notes
Turn   | Place    | Note
-------+----------+-------------------------------------------
     0 | D:1      | Delamore the Formicid Fighter began the quest for the Orb.
     0 | D:1      | Reached XP level 1. HP: 18/18 MP: 1/1
   208 | D:1      | Reached XP level 2. HP: 24/24 MP: 2/2
   724 | D:2      | Reached XP level 3. HP: 18/29 MP: 3/3
   940 | D:2      | Found a faded altar of an unknown god.
   954 | D:2      | Became a worshipper of Zin the Law-Giver
   954 | D:2      | Reached * piety under Zin
  1150 | D:2      | Reached skill level 3 in Polearms
  1165 | D:2      | Reached ** piety under Zin
  1285 | D:2      | Reached XP level 4. HP: 32/37 MP: 4/4
  1627 | D:3      | Found a runed translucent gate.
  1627 | D:3      | Found a runed translucent gate.
  1627 | D:3      | Found a runed translucent gate.
  1786 | D:3      | Found a glowing drain.
  1806 | Sewer    | Entered a sewer
  1835 | Sewer    | Noticed a water moccasin
  1846 | Sewer    | Killed a water moccasin
  1847 | Sewer    | Reached skill level 4 in Polearms
  1847 | Sewer    | Reached XP level 5. HP: 20/43 MP: 5/5
  1847 | Sewer    | Reached XP level 6. HP: 23/49 MP: 6/6
  2197 | D:3      | Reached skill level 5 in Shields
  2571 | D:3      | Reached *** piety under Zin
  2634 | D:3      | Noticed Morbidden's ghost (weakling DsAE)
  2932 | D:4      | Noticed a black bear
  2949 | D:4      | Killed a black bear
  3415 | D:4      | Noticed Robin
  3426 | D:4      | Reached skill level 5 in Polearms
  3432 | D:4      | Killed Robin
  3498 | D:4      | Reached **** piety under Zin
  3664 | D:4      | Reached XP level 7. HP: 53/55 MP: 7/7
  3715 | D:4      | Identified the amulet of the Bouncing Yaks {Acrobat -Tele
                  | rPois rN++ Regen+}
  3817 | D:4      | Found an ornate altar of the Wu Jian Council.
  3904 | D:4      | Noticed Blork the orc
  3915 | D:4      | Killed Blork the orc
  3916 | D:4      | Reached skill level 5 in Fighting
  4098 | D:5      | Entered Level 5 of the Dungeon
  4509 | D:5      | Reached skill level 6 in Polearms
  4620 | D:5      | Found a blossoming altar of Fedhas.
  5034 | D:5      | Reached XP level 8. HP: 56/62 MP: 8/8
  5285 | D:5      | Reached skill level 7 in Polearms
  5593 | D:6      | Reached skill level 8 in Polearms
  5683 | D:6      | Reached ***** piety under Zin
  5707 | D:6      | Reached XP level 9. HP: 40/68 MP: 9/9
  5726 | D:5      | Reached skill level 9 in Polearms
  5884 | D:6      | Found a staircase to the Ecumenical Temple.
  5906 | Temple   | Entered the Ecumenical Temple
  6165 | Temple   | Fell from the grace of Zin
  6165 | Temple   | Became a worshipper of Warmaster Okawaru
  6277 | D:6      | Noticed a two-headed ogre
  6285 | D:6      | Killed a two-headed ogre
  6285 | D:6      | Reached * piety under Okawaru
  6286 | D:6      | Reached skill level 10 in Polearms
  6352 | D:6      | Reached skill level 11 in Polearms
  6352 | D:6      | Noticed Sigmund
  6353 | D:6      | Noticed Edmund
  6402 | D:7      | Killed Edmund
  6450 | D:7      | Noticed Prince Ribbit
  6461 | D:7      | Killed Prince Ribbit
  6461 | D:7      | Reached ** piety under Okawaru
  6462 | D:7      | Reached XP level 10. HP: 73/74 MP: 10/10
  6465 | D:7      | Found a sand-covered staircase.
  6474 | Ossuary  | Entered an ossuary
  6690 | D:7      | Reached skill level 12 in Polearms
  6928 | D:7      | Noticed Joseph
  6939 | D:7      | Killed Joseph
  7102 | D:7      | Found a snail-covered altar of Cheibriados.
  7824 | D:8      | Noticed a cyclops
  7872 | D:7      | Reached skill level 13 in Polearms
  7951 | D:8      | Found Ytzyih's General Store.
  7959 | D:8      | Bought a scroll of identify for 24 gold pieces
  7959 | D:8      | Bought a scroll of identify for 24 gold pieces
  8123 | D:8      | Found an opulent altar of Gozag.
  8155 | D:8      | Killed a cyclops
  8155 | D:8      | Reached *** piety under Okawaru
  8570 | D:9      | Noticed a kobold demonologist
  8576 | D:9      | Noticed a smoke demon
  8582 | D:9      | Killed a kobold demonologist
  8627 | D:9      | Reached XP level 11. HP: 79/79 MP: 11/11
  8719 | D:9      | Reached skill level 14 in Polearms
  8932 | D:9      | Noticed a two-headed ogre
  8939 | D:9      | Killed a two-headed ogre
  8939 | D:9      | Reached **** piety under Okawaru
  8966 | D:9      | Found Lecuvux's Antique Weapon Shoppe.
  9010 | D:10     | Entered Level 10 of the Dungeon
  9234 | D:10     | Reached skill level 15 in Polearms
  9379 | D:10     | Found a staircase to the Orcish Mines.
  9618 | D:10     | Noticed Erolcha
  9637 | D:10     | Cast into level 2 of the Abyss (Erolcha)
  9746 | Abyss:2  | Noticed a bone dragon
  9775 | Abyss:2  | Noticed a red draconian annihilator
  9833 | Abyss:2  | Noticed a worldbinder
  9859 | Abyss:2  | Noticed a large abomination
  9870 | Abyss:2  | Noticed a wretched star
  9903 | Abyss:2  | Killed from afar by a raiju

Illustrated notes

Levels and vault maps discovered:
D:1:      saegor_arrival_simple_e, layout_loops_ring
D:2:      layout_rooms, basic_ecumenical_altar, glass_columns_b
D:3:      layout_loops_ring, gup_sewer_entry_pipe, gammafunk_ghost_icy
D:4:      layout_basic, kennysheep_little_box, serial_bayou_crossing,
          uniq_blork_the_orc, uniq_robin
D:5:      minmay_angry_zag, layout_cave_pools, fedhas_altar_3,
          nicolae_underground_beach
D:6:      layout_basic, minmay_temple_entry_wispy, serial_glass,
          glass_columns_a, glass_columns_a, feat_on_display,
          due_unseen_surprise, sigmund_edmund_badplayer
D:7:      layout_basic, kennysheep_mini, lightli_ossuary_entry_decrepit_ruins,
          minivault_5, uniq_prince_ribbit1, uniq_joseph
D:8:      layout_loops_ring, amcnicky_altar_gilded, serial_shops, shop
D:9:      cheibrodos_frozen_isle, layout_stronghold, serial_shops,
          nicolae_shop_crystal, uniq_gastronok
D:10:     layout_long_grid, lair_entry_dummy, orc_0_dummy,
          serial_bayou_lagoon_b, uniq_erolcha
Temple:   hc_temple_tempest_star
Abyss:2:  base: D:5, hangedman_decor_lopped, evilmike_abyss_exit_12

Skill      XL: |  1  2  3  4  5  6  7  8  9 10 11 |
---------------+----------------------------------+-----
Shields        | 4 5 6 7 |  7.0
Polearms       | 3 4 5 6 8 11 13 15 | 15.2
Fighting       | 4 5 |  5.0
Armour         | |  3.2

Action                   |  1- 3 |  4- 6 |  7- 9 | 10-12 || total
-------------------------+-------+-------+-------+-------++-------
Melee: Trident           |   115 |   149 |   126 |       ||   390
       Halberd           |       |       |   146 |   337 ||   483
Throw: Dart              |       |    10 |    20 |    10 ||    40
       Boomerang         |       |       |       |     8 ||     8
Invok: Heroism           |       |       |       |     5 ||     5
 Abil: Dig               |       |     5 |     4 |    18 ||    27
Evoke: Wand              |       |       |       |     4 ||     4
  Use: Scroll            |     2 |     4 |     6 |    10 ||    22
Armor: Scale mail        |    29 |       |       |       ||    29
       Chain mail        |     7 |    79 |   182 |   111 ||   379
Dodge: Dodged            |    26 |    41 |   107 |   146 ||   320
Block: Kite shield       |    46 |    73 |   194 |   231 ||   544

Table legend: (Time is in decaauts)
 A = Elapsed time spent in this place.
 B = Non-inter-level travel time spent in this place.
 C = Inter-level travel time spent in this place.
 D = Time resting spent in this place.
 E = Time spent auto-exploring this place.
 F = Levels seen in this place.
 G = Mean time per level.
                   A        B        C        D        E       F      G
               +--------+--------+--------+--------+--------+-----+--------+
         Total |  10026 |   9647 |    379 |    947 |   6291 |  14 |  716.1 |
       Dungeon |   9001 |   8648 |    353 |    770 |   5793 |  10 |  900.1 |
        Temple |    288 |    262 |     26 |      0 |    256 |   1 |  288.0 |
         Abyss |    269 |    269 |      0 |      0 |     95 |   1 |  269.0 |
         Sewer |    293 |    293 |      0 |    177 |     48 |   1 |  293.0 |
       Ossuary |    173 |    173 |      0 |      0 |     98 |   1 |  173.0 |
               +--------+--------+--------+--------+--------+-----+--------+

Top non-repeatable levels by time:
     D:4: 1841 daAuts
     D:7: 1131 daAuts
     D:5: 1039 daAuts
     D:2: 900 daAuts
     D:8: 868 daAuts
     D:3: 849 daAuts
     D:1: 735 daAuts
     D:6: 592 daAuts
    D:10: 548 daAuts
     D:9: 493 daAuts
   Sewer: 293 daAuts
  Temple: 288 daAuts
 Abyss:2: 269 daAuts
 Ossuary: 173 daAuts
